 Dungeon Crawl Stone Soup version 0.32-a0-534-ga61f84b8bd (webtiles) character file.

Game seed: 3221336883892252041

1169 Essalna the Firebug (level 8, -7/41 HPs)
             Began as a Gargoyle Fire Elementalist on Feb 28, 2024.
             Was a Follower of Vehumet.
             Mangled by Duvessa
             ... wielding a +1 short sword of speed
              (9 damage)
             ... on level 5 of the Dungeon.
             The game lasted 00:07:24 (4137 turns).

Essalna the Firebug (Gargoyle Fire Elementalist)    Turns: 4137, Time: 00:07:25

Health: -7/41      AC: 10    Str: 12    XL:     8   Next: 40%
Magic:  3/14       EV: 11    Int: 18    God:    Vehumet [*.....]
Gold:   179        SH:  0    Dex: 10    Spells: 8/15 levels left

rFire   . . .        c - +0 mace
rCold   . . .        (no shield)
rNeg    + . .        a - +0 robe
rPois   ∞            (no helmet)
rElec   +            (no cloak)
rCorr   .            n - +2 pair of gloves
SInv    .            (no boots)
Will    .....        f - amulet of magic regeneration
Stlth   ++           g - ring of wizardry
HPRegen 0.26/turn    (no ring)
MPRegen 0.54/turn

%: wizardry (x1)
@: no status effects
A: sickness immunity, AC +5, negative energy resistance 1, electricity
resistance, torment resistance 1, petrification resistance
a: Renounce Religion


You were on level 5 of the Dungeon.
You worshipped Vehumet.
Vehumet was aware of your devotion.
You visited 1 branch of the dungeon, and saw 5 of its levels.

You collected 179 gold pieces.

Inventory:

Hand Weapons
 c - a +0 mace (weapon)
Armour
 a - a +0 robe (worn)
 l - a +0 pair of gloves
 n - a +2 pair of gloves (worn)
Jewellery
 f - an amulet of magic regeneration (around neck)
 g - a ring of wizardry (left hand)
 h - an amulet of guardian spirit
 m - an amulet of reflection
Wands
 p - a wand of charming (12)
Scrolls
 d - a scroll of enchant armour {unknown}
 e - 3 scrolls of enchant weapon {unknown}
 i - a scroll of poison {unknown}
 k - 4 scrolls of identify {unknown}
 q - 2 scrolls of summoning {unknown}
 r - 4 scrolls of teleportation {unknown}
 t - 2 scrolls of fear {unknown}
Potions
 b - 2 potions of magic
 j - 4 potions of brilliance {unknown}
 o - a potion of curing {unknown}
 s - 2 potions of cancellation {unknown}


   Skills:
 - Level 1.5 Dodging
 - Level 2.1 Stealth
 - Level 4.0 Spellcasting
 + Level 6.9 Conjurations
 + Level 7.0 Fire Magic


You had 8 spell levels left.
You knew the following spells:

 Your Spells              Type           Power      Damage    Failure   Level
a - Foxfire               Conj/Fire      100%       2x1d9     1%          1
b - Scorch                Fire           58%        2d7       1%          2
c - Flame Wave            Conj/Fire      28%        2d9       3%          4

Your spell library contained the following spells:

 Spells                   Type           Power      Damage    Failure   Level
 Magic Dart               Conj           100%       1d8       1%          1
 Inner Flame              Hex/Fire       16%        N/A       4%          3
 Volatile Blastmotes      Fire/Tloc      32%        2d12      4%          3


Dungeon Overview and Level Annotations

Branches:
Dungeon (5/15)             Temple (0/1) D:4

Altars:
Ashenzari
Cheibriados
Elyvilon
Okawaru
Qazlal
Ru
Trog
Uskayaw
Vehumet
The Shining One

Shops:
D:5 (

Annotations:
D:5 Duvessa


Innate Abilities, Weirdness & Mutations

You are immune to sickness and miasma.
Your stone body is resilient. (AC +5)
You are immune to poison.
You resist negative energy. (rN+)
You are resistant to electric shocks. (rElec)
You are resistant to unholy torment.
You are immune to petrification.


Message History

(Press . to intensify the flame waves.) Dowan hits you but does no damage.
Duvessa barely misses you.
A wave of flame ripples out!
The flame wave engulfs Duvessa!
Duvessa is burned terribly!
Duvessa is heavily wounded.
The flame wave engulfs Dowan!
Dowan is burned terribly!
You kill Dowan!
Vehumet accepts your kill.
Duvessa screams in rage.
Duvessa goes berserk!
Duvessa is no longer more vulnerable to fire.
Duvessa hits you with a +1 short sword of speed!
Duvessa barely misses you.
Duvessa hits you with a +1 short sword of speed!
Your Fire Magic skill increases to level 7!
A wave of flame ripples out!
The flame wave engulfs Duvessa.
Duvessa is heavily wounded.
You finish channelling waves of flame.
Duvessa hits you with a +1 short sword of speed!
* * * LOW HITPOINT WARNING * * *
Duvessa hits you with a +1 short sword of speed!
* * * LOW HITPOINT WARNING * * *
Casting: Flame Wave (dangerous; 3% risk of failure)
Confirm with . or Enter, or press ? or * to list all spells.
You don't know that spell.
Okay, then.
Okay, then.
Casting: Flame Wave (dangerous; 3% risk of failure)
Confirm with . or Enter, or press ? or * to list all spells.
Flames lash Duvessa.
Duvessa is severely wounded.
Duvessa's fire resistance burns away.
Duvessa barely misses you. Duvessa completely misses you.
Casting: Scorch (safe; 1% risk of failure)
Confirm with . or Enter, or press ? or * to list all spells.
Flames lash Duvessa.
Duvessa is burned terribly!
Duvessa is almost dead.
Duvessa misses you.
Duvessa hits you with a +1 short sword of speed!
You die...

#.# # ... # ######
#.##.##.# #..... .#...#.
#..... .$_.. #..... #
... # #..... #.##e##.#
#..... #...@...# +.....
#.####)####.# #.....
#...........# ######
#######.####### #######
##<#.....#####.# ###
......###....##........#
#..
......##...#.##.#####..#
#.# ..÷...##.#.#.##.#
#§.# #.#
.........#....∩÷###
#..########.#


You could see Duvessa (berserk, combustible).

Vanquished Creatures
  Sigmund (D:5)
  Eustachio (D:5)
  An ogre (D:5)
  A phantom (D:4)
  Dowan (D:5)
  2 howler monkeys (D:4)
  2 bombardier beetles
  3 hounds (D:5)
  A jelly (D:4)
  2 orc priests (D:4)
  2 gnoll boudas
  2 iguanas (D:5)
  6 gnolls
  8 adders
  3 dart slugs
  4 ribbon worms
  10 orcs
  5 bats
  6 endoplasms
  2 giant cockroaches (D:4)
  9 hobgoblins
  5 jackals (D:2)
  8 kobolds
  6 quokkas
  13 ball pythons
  2 frilled lizards (D:1)
  5 goblins
  5 rats
116 creatures vanquished.

Vanquished Creatures (others)
  578 foxfires
578 creatures vanquished.

Grand Total: 694 creatures vanquished

Notes
Turn   | Place    | Note
-------+----------+-------------------------------------------
     0 | D:1      | Essalna the Gargoyle Fire Elementalist began the quest for
                  | the Orb.
     0 | D:1      | Reached XP level 1. HP: 10/10 MP: 3/3
   352 | D:1      | Reached XP level 2. HP: 15/15 MP: 0/5
   720 | D:1      | Learned a level 2 spell: Scorch
  1167 | D:2      | Reached XP level 3. HP: 19/19 MP: 3/6
  1292 | D:2      | Found an iron altar of Okawaru.
  1771 | D:3      | Reached XP level 4. HP: 24/24 MP: 5/8
  1776 | D:3      | Learned a level 4 spell: Flame Wave
  1960 | D:3      | Reached skill level 4 in Fire Magic
  1960 | D:3      | Reached XP level 5. HP: 28/28 MP: 5/9
  2202 | D:3      | Found a white marble altar of Elyvilon.
  2202 | D:3      | Found a radiant altar of Vehumet.
  2252 | D:3      | Became a worshipper of Vehumet
  2424 | D:4      | Reached XP level 6. HP: 29/32 MP: 1/11
  2481 | D:4      | Found an iron altar of Okawaru.
  2794 | D:4      | Found a staircase to the Ecumenical Temple.
  3169 | D:4      | Reached * piety under Vehumet
  3169 | D:4      | Offered knowledge of Magic Dart by Vehumet.
  3195 | D:4      | Found a stormy altar of Qazlal.
  3227 | D:4      | Reached skill level 5 in Fire Magic
  3252 | D:4      | Reached XP level 7. HP: 36/36 MP: 10/13
  3482 | D:5      | Entered Level 5 of the Dungeon
  3509 | D:5      | Found a hide-covered altar of Uskayaw.
  3629 | D:5      | Found Ebox's Antique Weapon Emporium.
  3640 | D:5      | Reached skill level 5 in Conjurations
  3734 | D:5      | Reached skill level 6 in Fire Magic
  3787 | D:5      | Noticed Sigmund
  3790 | D:5      | Noticed Eustachio
  3875 | D:5      | Killed Sigmund
  3876 | D:5      | Reached XP level 8. HP: 41/41 MP: 9/14
  3880 | D:5      | Killed Eustachio
  3920 | D:5      | Found a broken altar of Ashenzari.
  3926 | D:5      | Found a glowing golden altar of the Shining One.
  3931 | D:5      | Found a snail-covered altar of Cheibriados.
  3958 | D:5      | Found a bloodstained altar of Trog.
  4126 | D:5      | Found a sacrificial altar of Ru.
  4127 | D:5      | Noticed Dowan
  4130 | D:5      | Noticed Duvessa
  4134 | D:5      | Killed Dowan
  4135 | D:5      | Reached skill level 7 in Fire Magic
  4135 | D:5      | HP: 1/41 [Duvessa/+1 short sword of speed (8)]
  4137 | D:5      | Mangled by Duvessa

Illustrated notes

Levels and vault maps discovered:
D:1:      nzn_arrival_crosshair, layout_basic, minmay_heptomino_w4
D:2:      layout_basic, basic_altar, due_unseen_surprise
D:3:      layout_rooms, gammafunk_temple_overflow_elements, eino_tiny_chamber
D:4:      minmay_chambers_of_threes, layout_gridville,
          nicolae_qazlal_eye_of_the_storm, okawaru_gym_becter,
          minmay_temple_entry_antechambers, serial_glass, glass_columns_a,
          glass_columns_a, nicolae_eternal_life, serial_bayou_crossing
D:5:      wad_pebble_path, layout_basic, mainiacjoe_overflow_24_doors,
          minmay_overflow_temple_star_quad, nicolae_ru_sacrificial_ziggurat,
          mainiacjoe_overflow_concentric_impassable, serial_shops, shop,
          uniq_eustachio, uniq_duvessa, uniq_sigmund

Skill      XL: |  1  2  3  4  5  6  7  8 |
---------------+-------------------------+-----
Conjurations   | 2 3 4 6 |  6.9
Spellcasting   | 3 4 |  4.0
Fire Magic     | 4 5 6 7 |  7.0
Dodging        | |  1.5
Stealth        | |  2.1

Action                     |  1- 3 |  4- 6 |  7- 9 || total
---------------------------+-------+-------+-------++-------
  Melee: Mace              |    10 |     3 |     1 ||    14
   Cast: Foxfire           |   107 |   180 |    60 ||   347
         Scorch            |       |     7 |    14 ||    21
         Flame Wave        |       |       |     4 ||     4
   Stab: Sleeping          |     1 |       |       ||     1
 Armour: Robe              |    22 |    17 |    28 ||    67
  Dodge: Dodged            |    16 |    13 |    24 ||    53
         Repelled          |     1 |       |       ||     1

Table legend: (Time is in decaauts)
 A = Elapsed time spent in this place.
 B = Non-inter-level travel time spent in this place.
 C = Inter-level travel time spent in this place.
 D = Time resting spent in this place.
 E = Time spent auto-exploring this place.
 F = Levels seen in this place.
 G = Mean time per level.
                   A        B        C        D        E       F      G
               +--------+--------+--------+--------+--------+-----+--------+
         Total |   4155 |   4032 |    123 |     44 |   3253 |   5 |  831.0 |
       Dungeon |   4155 |   4032 |    123 |     44 |   3253 |   5 |  831.0 |
               +--------+--------+--------+--------+--------+-----+--------+

Top non-repeatable levels by time:
     D:4: 1255 daAuts
     D:1: 1129 daAuts
     D:2: 639 daAuts
     D:5: 607 daAuts
     D:3: 523 daAuts
